 Dungeon Crawl Stone Soup version 0.29.1-15-g9cfb28693d (webtiles) character file.

Game seed: 585441165443512222

34 H0rd4k the Charlatan (level 3, -1/26 HPs)
             Began as a Human Artificer on Apr 21, 2023.
             Slain by a jackal (3 damage)
             ... on level 2 of the Dungeon.
             The game lasted 00:01:25 (1848 turns).

H0rd4k the Charlatan (Human Artificer)              Turns: 1848, Time: 00:01:25

Health: -1/26      AC:  3    Str: 12    XL:     3   Next: 50%
Magic:  3/3        EV: 11    Int: 13    God:
Gold:   35         SH:  0    Dex: 13    Spells: 2/2 levels left

rFire   . . .      SeeInvis .   a - +0 club
rCold   . . .      Faith    .   (no shield)
rNeg    . . .      Spirit   .   b - +0 leather armour
rPois   .          Reflect  .   (no helmet)
rElec   .          Harm     .   (no cloak)
rCorr   .          Rampage  .   (no gloves)
Will    .....                   (no boots)
Stlth   +.........              (no amulet)
HPRegen 0.08/turn               (no ring)
MPRegen 0.08/turn               (no ring)

@: attractive
A: no striking features
a: no special abilities


You were on level 2 of the Dungeon.
You visited 1 branch of the dungeon, and saw 2 of its levels.

You collected 35 gold pieces.

Inventory:

Hand Weapons
 a - a +0 club (weapon)
Armour
 b - a +0 leather armour (worn)
Wands
 c - a wand of flame (15) (quivered)
 d - a wand of charming (14)
 e - a wand of iceblast (5)
Scrolls
 h - a scroll of torment {unknown}
 i - 2 scrolls of identify {unknown}
 j - 3 scrolls of teleportation {unknown}
Potions
 g - a potion of magic {unknown}
 k - a potion of lignification {unknown}


   Skills:
 + Level 1.5 Fighting
 + Level 0.5 Maces & Flails
 - Level 2.0 Armour
 + Level 1.2 Dodging
 + Level 1.3 Stealth
 + Level 3.7 Evocations


You had 2 spell levels left.
You didn't know any spells.
Your spell library was empty.

Dungeon Overview and Level Annotations

Branches:
Dungeon (2/15)

Altars:

Shops:
D:1 *

Annotations:
D:1 exclusion: downstairs


Message History

a +0 dagger; a stone You hit the jackal.
The jackal is severely wounded.
The jackal closely misses you.
You completely miss the jackal. The jackal bites you.
The jackal closely misses you.
You barely miss the jackal.
The jackal bites you but does no damage.
The jackal bites you. x2
The jackal bites you but does no damage.
You barely miss the jackal.
The jackal bites you. x2; The jackal misses you.
The jackal barely misses you. The jackal closely misses you.
The jackal barely misses you.
You closely miss the jackal.
The jackal is severely wounded.
The jackal bites you but does no damage.
The jackal closely misses you.
The jackal bites you but does no damage.
The jackal bites you. x2
The jackal bites you but does no damage.
You closely miss the jackal.
The jackal is severely wounded.
The jackal closely misses you. The jackal barely misses you.
The jackal bites you.
* * * LOW HITPOINT WARNING * * *
The jackal barely misses you.
Aiming: Charm
Press: ? - help, Shift-Dir - straight line, f - jackal
Aim: a jackal (chance to affect: 75%)
The jackal struggles to resist.
The jackal bites you.
* * * LOW HITPOINT WARNING * * *
The jackal bites you.
* * * LOW HITPOINT WARNING * * *
The jackal closely misses you. x2; The jackal bites you.
* * * LOW HITPOINT WARNING * * *
It was a potion of attraction.
You feel attractive to monsters. The jackal barely misses you.
The jackal closely misses you. The jackal bites you.
You die...

#............
#.............
#.............
#.............
###.............
#...............
#.......h.......
#<.....@#†......
#......hh.# ..
#.......#.#....
#.......(......
#.......#......
#.......#.#.....
#.....<.#.......
###########.....
.....


You could see 3 jackals.

Vanquished Creatures
  2 bats (D:1)
  3 endoplasms (D:1)
  A giant cockroach (D:1)
  6 goblins (D:1)
  2 hobgoblins (D:1)
  A jackal (D:1)
  3 quokkas
  4 ball pythons (D:1)
  2 frilled lizards (D:1)
  4 kobolds
  3 rats (D:1)
31 creatures vanquished.

Vanquished Creatures (others)
  4 plants (D:1)
4 creatures vanquished.

Grand Total: 35 creatures vanquished

Notes
Turn   | Place    | Note
-------+----------+-------------------------------------------
     0 | D:1      | H0rd4k the Human Artificer began the quest for the Orb.
     0 | D:1      | Reached XP level 1. HP: 15/15 MP: 1/1
   289 | D:1      | Found Xafett's Assorted Antiques.
   305 | D:1      | Reached XP level 2. HP: 20/21 MP: 2/2
  1236 | D:1      | Reached XP level 3. HP: 26/26 MP: 3/3
  1848 | D:2      | Slain by a jackal

Illustrated notes

Levels and vault maps discovered:
D:1:      minmay_arrival_three_doors, layout_loops_ring, serial_shops,
          nicolae_shop_overgrown_old_shop
D:2:      layout_rooms, minmay_circle_x, uniq_natasha

Action                   || total
-------------------------++-------
Melee: Club              ||   139
       Punch             ||     1
Evoke: Wand              ||     1
  Use: Potion            ||     1
 Stab: Sleeping          ||     2
Armor: Leather armour    ||    50
Dodge: Dodged            ||   105
